[Event "Team 45 45 League T26"]
[Site "Internet Chess Club"]
[Date "2005.04.24"]
[Round "6"]
[White "Dalcon"]
[Black "BosqueVerde"]
[Result "0-1"]
[WhiteElo "1147"]
[BlackElo "1286"]
[TimeControl "2700+45"]

1. e4 e6 2. d4 d5 3. e5 c5 4. c3 cxd4 5. cxd4 Bb4+ 6. Nc3 Nc6 7. a3 Ba5 8. Be2
Nge7 9. b4 Bb6 10. Be3 O-O 11. Bg5 Bxd4 12. Rc1 Bxe5 13. Bd3 f5 14. Nf3 a6 15.
O-O b5 16. Re1 Bxc3 17. Rxc3 Qd6 18. Qd2 d4 19. Rc2 Bb7 20. Bf4 Qd7 21. Ne5 Nxe5
22. Bxe5 Ng6 23. f3 Nxe5 24. Rxe5 Rac8 25. Rec5 Rxc5 26. Rxc5 Rc8 27. Qc2 Rxc5
28. Qxc5 h6 29. h4 h5 30. Kf2 Qd5 31. Qxd5 Bxd5 32. g3 Bc4 33. Be2 d3 34. Bd1
Kf7 35. f4 Kf6 36. Ke1 e5 37. fxe5+ Kxe5 38. Bxh5 f4 39. gxf4+ Kxf4 40. Kd2 Kg3
41. Bg6 Kxh4 42. Bxd3 Bxd3 43. Kxd3 Kg3 44. Ke2 Kg2 45. Ke3 g5 46. Ke2 g4 {White
resigns} 0-1

[Event "Team 45 45 League T26"]
[Site "Internet Chess Club"]
[Date "2005.04.25"]
[Round "6"]
[White "EyeAm"]
[Black "GLuft"]
[Result "1-0"]
[WhiteElo "1232"]
[BlackElo "1186"]
[TimeControl "2700+45"]

1. e4 e6 2. c4 c5 3. Nc3 Nc6 4. Nf3 Nf6 5. d3 Bd6 6. Bg5 h6 7. Be3 a6 8. h3 Bc7
9. Be2 Ba5 10. Bxc5 d6 11. Ba3 Bd7 12. Bxd6 Nh5 13. a3 Qf6 14. Qb3 Ra7 15. O-O
Nd4 16. Nxd4 Qxd4 17. Bxh5 Bxc3 18. Qxc3 Qxc3 19. bxc3 Ba4 20. Bd1 Bd7 21. Bc5
Ra8 22. Bb4 b5 23. Be2 e5 24. f4 a5 25. Bc5 Rc8 26. Bb6 a4 27. c5 O-O 28. fxe5
Rc6 29. d4 Re8 30. Bxb5 Rxb6 31. cxb6 Bxb5 32. Rfe1 Rb8 33. Rab1 Rxb6 34. c4 Kf8
35. Rxb5 Rxb5 36. cxb5 Ke7 {Black resigns} 1-0

[Event "Team 45 45 League T26"]
[Site "Internet Chess Club"]
[Date "2005.05.01"]
[Round "6"]
[White "hotzoddy"]
[Black "wojozim"]
[Result "1-0"]
[WhiteElo "1316"]
[BlackElo "1411"]
[TimeControl "2700+45"]

1. e4 e6 2. Nc3 d5 3. d4 c5 4. Nf3 Nc6 5. Be3 Qb6 6. Rb1 Nf6 7. e5 Nd7 8. Be2
cxd4 9. Bxd4 Nxd4 10. Qxd4 Bc5 11. Qh4 Be7 12. Qf4 O-O 13. O-O f6 14. exf6 Nxf6
15. Qg3 Bd7 16. Ne5 Rac8 17. Nxd7 Nxd7 18. Qh3 Bc5 19. Qh4 Qd6 20. Nb5 Qb6 21.
Bd3 Nf6 22. a4 a6 23. Na3 Ne4 24. Bxe4 dxe4 25. c3 e3 26. Kh1 Rxf2 27. Rxf2 exf2
28. Nc4 Qd8 29. Qxd8+ Rxd8 30. b4 b5 31. bxc5 bxc4 32. Rf1 Rd5 33. g3 Rf5 34.
Kg2 Kf7 35. g4 Rf6 36. h4 Ke7 37. g5 Rf5 38. Rxf2 Rxf2+ 39. Kxf2 Kd7 40. Ke3 e5
41. Ke4 Kc6 42. Kxe5 Kxc5 43. h5 Kb6 44. Kd5 Ka5 45. Kxc4 Kxa4 46. Kd5 Kb3 47.
c4 a5 48. c5 a4 49. c6 a3 50. c7 a2 51. c8=Q a1=Q 52. Qc4+ Ka3 53. Qa6+ Kb2 54.
Qxa1+ Kxa1 55. Ke5 {Black resigns} 1-0

[Event "Team 45 45 League T26"]
[Site "Internet Chess Club"]
[Date "2005.04.29"]
[Round "6"]
[White "sdcohle"]
[Black "Gomer"]
[Result "1-0"]
[WhiteElo "1344"]
[BlackElo "1283"]
[TimeControl "2700+45"]

1. d4 Nf6 2. c4 c5 3. d5 d6 4. Nf3 e6 5. Nc3 exd5 6. cxd5 Be7 7. e3 O-O 8. Be2
Bf5 9. O-O Ne4 10. Bd3 Nxc3 11. bxc3 Bg4 12. h3 Bh5 13. Be2 Bf6 14. Bb2 Nd7 15.
Rb1 Bxf3 16. Bxf3 Ne5 17. Be4 g6 18. Qe2 c4 19. f4 Nd3 20. Bxd3 cxd3 21. Qxd3
Re8 22. c4 Bxb2 23. Rxb2 b6 24. Rf3 Qf6 25. Rbf2 Qa1+ 26. Kh2 Re7 27. Rg3 Rae8
28. f5 Qc1 29. Rff3 Qa1 30. a3 Qa2 31. f6 Re5 32. Rg4 g5 33. h4 h6 34. hxg5 hxg5
35. Rf5 Rxf5 36. Qxf5 Rxe3 37. Rxg5+ Kf8 38. Qh7 Ke8 39. Qg8+ Kd7 40. Qxf7+
{Black resigns} 1-0

[Event "Team 45 45 League T26"]
[Site "Internet Chess Club"]
[Date "2005.04.26"]
[Round "6"]
[White "WannaB"]
[Black "chessterbaggins"]
[Result "0-1"]
[WhiteElo "1146"]
[BlackElo "1249"]
[TimeControl "2700+45"]

1. e4 b6 2. d4 Bb7 3. Bd3 e6 4. Ne2 Nf6 5. Bg5 Be7 6. Nf4 Nxe4 7. Bxe7 Qxe7 8.
O-O O-O 9. Re1 Qg5 10. Bxe4 d5 11. Bxh7+ Kxh7 12. Qh5+ Qh6 13. Qxh6+ Kxh6 14.
Nc3 Na6 15. a3 c5 16. Nb5 cxd4 17. Nxd4 Rae8 18. Nd3 Nc5 19. Nxc5 bxc5 20. Nb5
Ra8 21. Nc3 d4 22. Nb5 Bc6 23. Nd6 Rab8 24. b3 Rbd8 25. Nc4 Rfe8 26. Ne5 Rc8 27.
Nxf7+ Kg6 28. Ne5+ Kf6 29. Nc4 e5 30. Nd6 e4 31. Nxc8 Rxc8 32. Rac1 g5 33. c3 d3
34. Rcd1 a5 35. a4 Kf5 36. g3 c4 37. bxc4 Bxa4 38. Ra1 Bb3 39. Rxa5+ Kg6 40.
Rxe4 d2 41. Ra6+ Kf5 42. Rd4 d1=Q+ 43. Rxd1 Bxd1 44. Ra5+ Kg6 45. c5 Rb8 46.
Ra6+ Kh5 47. c6 Bf3 48. c7 Rb1# {White checkmated} 0-1

[Event "Team 45 45 League T26"]
[Site "Internet Chess Club"]
[Date "2005.04.22"]
[Round "6"]
[White "GhostMate"]
[Black "ATLfalcons"]
[Result "0-1"]
[WhiteElo "1667"]
[BlackElo "1754"]
[TimeControl "2700+45"]

1. e4 c6 2. d4 d5 3. f3 dxe4 4. fxe4 Nd7 5. Nf3 e6 6. Bd3 Ngf6 7. O-O Be7 8. Ng5
e5 9. Bc4 O-O 10. c3 exd4 11. cxd4 Nb6 12. Bxf7+ Rxf7 13. Nxf7 Kxf7 14. e5 Kg8
15. exf6 Bxf6 16. Be3 Nd5 17. Bf2 Qb6 18. Qd2 Be6 19. Nc3 Rf8 20. Rae1 Bf5 21.
Ne4 Be7 22. Nc5 Bd6 23. Kh1 Qc7 24. Bg1 Bf4 25. Qe2 Qc8 26. Qc4 Kh8 27. Qb3 b6
28. Nd3 Bd6 29. Ne5 Qc7 30. Qg3 g6 31. Qb3 Nf6 32. h3 Ne4 33. Rxe4 Bxe4 34.
Rxf8+ Bxf8 35. Nf7+ Kg7 36. Ng5 Qe7 37. Ne6+ Kh8 38. Nxf8 Qg5 39. Nxg6+ Qxg6
{White forfeits on time} 0-1

[Event "Team 45 45 League T26"]
[Site "Internet Chess Club"]
[Date "2005.05.01"]
[Round "6"]
[White "claymil"]
[Black "KirkB"]
[Result "1-0"]
[WhiteElo "1675"]
[BlackElo "1602"]
[TimeControl "2700+45"]

1. c4 e5 2. Nc3 Nf6 3. g3 d5 4. cxd5 Nxd5 5. Bg2 Nxc3 6. bxc3 Bc5 7. e3 O-O 8.
Ne2 c6 9. O-O Qd3 10. h3 Rd8 11. Re1 Bf5 12. Qb3 Rd7 13. c4 Qxb3 14. axb3 Bd3
15. Ba3 Na6 16. Bxc5 Nxc5 17. b4 Nb3 18. Ra3 Bxc4 19. Nc3 a6 20. Na4 Nxd2 21.
Nb6 Rad8 22. Nxd7 Rxd7 23. Rc3 Be6 24. f4 exf4 25. exf4 Kf8 26. Rce3 Rd8 27. Kf2
Nc4 28. R3e2 Nb6 29. g4 g6 30. Kg3 Bd5 31. Re7 Rd7 32. Rxd7 Nxd7 33. Bxd5 cxd5
34. Rd1 Nb6 35. Rc1 Nc4 36. Kf3 Ke7 37. Re1+ Kd7 38. f5 Nd2+ 39. Kf4 g5+ 40. Ke3
Ne4 41. Kd4 Nf6 42. Kc5 b5 43. Kb6 Ne4 44. Kxa6 Nc3 45. Re3 Ne4 46. Kxb5 Nd6+
47. Kc5 Ne4+ 48. Kxd5 Nf6+ 49. Kc5 h5 50. b5 hxg4 51. hxg4 Nxg4 52. Rg3 Nf2 53.
Kb6 g4 54. Ka7 Ne4 55. Rxg4 Nd6 56. Rd4 Kc7 57. Rxd6 Kxd6 58. b6 Ke5 59. b7 Kxf5
60. b8=Q f6 61. Kb6 Kg5 62. Kc5 f5 63. Kd4 f4 64. Qf8 Kg4 65. Ke4 Kg3 66. Qxf4+
Kg2 67. Ke3 Kg1 68. Qg3+ Kh1 69. Qg7 Kh2 70. Kf2 Kh3 71. Qg3# {Black checkmated}
1-0

[Event "Team 45 45 League T26"]
[Site "Internet Chess Club"]
[Date "2005.04.30"]
[Round "6"]
[White "Mississippian"]
[Black "alaskauk"]
[Result "1-0"]
[WhiteElo "1359"]
[BlackElo "1467"]
[TimeControl "2700+45"]

1. e4 e5 2. Nf3 Nc6 3. d4 exd4 4. Nxd4 Bc5 5. Nxc6 bxc6 6. Qg4 Qf6 7. Qf4 d6 8.
Be2 Rb8 9. Qxf6 Nxf6 10. Nc3 O-O 11. O-O h6 12. b3 Re8 13. Bf3 Bg4 14. Bxg4 Nxg4
15. h3 Nf6 16. Re1 Bb4 17. Re3 Bc5 18. Re2 Bd4 19. Bb2 Bxc3 20. Bxc3 Rxe4 21.
Rae1 Rxe2 22. Rxe2 Kf8 23. Kf1 a6 24. Ba5 Nd5 25. c4 Nb6 26. Rc2 Re8 27. c5 Nd5
28. cxd6 cxd6 29. Rxc6 Ra8 30. Rxd6 Nf6 31. Bb4 Ke8 32. Bc3 Ke7 33. Rb6 Ra7 34.
Bb4+ Kd7 35. Bf8 Ne8 36. Ke2 Kc7 37. Rb4 Ra8 38. Rc4+ Kd7 39. Ba3 g6 40. Kf3 Ra7
41. Re4 Rc7 42. Re7+ Kd8 43. Rxc7 Nxc7 44. Bf8 h5 45. Bg7 Ke7 46. g3 Ne6 47. Bb2
Ng5+ 48. Kg2 Kd6 49. h4 Ne6 50. Kf3 Nc7 51. Ke4 Ne6 52. Ba3+ Kd7 53. Ke5 Ke8 54.
Kf6 Nc7 55. Ke5 Kd7 56. Kf6 Ke8 57. f3 Nd5+ 58. Kg5 Nc3 59. g4 hxg4 60. fxg4
Ne4+ 61. Kf4 Nf6 62. Bb2 Nd5+ 63. Ke4 Ne7 64. a3 Ng8 65. b4 Kd7 66. Kd5 Ne7+ 67.
Kc5 f5 68. gxf5 Nxf5 69. Bf6 Nd6 70. Kb6 Nc4+ 71. Kxa6 Nxa3 72. b5 Nc2 73. Ka7
Nb4 74. Bg5 Kc8 75. b6 Nc6+ 76. Ka6 Nb8+ 77. Ka7 Nc6+ 78. Ka8 Na5 79. Bd2 Nb7
80. Bb4 Nd8 81. Be7 Nb7 82. Ka7 Na5 83. Ka6 Nb7 84. Ka7 Na5 85. Bf6 Nb7 86. Bc3
Nd8 87. Ka8 Nb7 88. Bb4 Nd8 89. Ka7 Nc6+ 90. Ka8 Nxb4 91. b7+ Kd7 92. b8=Q
{Black resigns} 1-0

[Event "Team 45 45 League T26"]
[Site "Internet Chess Club"]
[Date "2005.04.25"]
[Round "6"]
[White "spaceways"]
[Black "SpeedBlade"]
[Result "1-0"]
[WhiteElo "1643"]
[BlackElo "1506"]
[TimeControl "2700+45"]

1. e4 d5 2. exd5 Qxd5 3. Nc3 Qa5 4. d4 Nf6 5. Nf3 Bf5 6. Bd3 e6 7. Bxf5 Qxf5 8.
O-O Bd6 9. Nh4 Qa5 10. Bd2 c6 11. Ne4 Qc7 12. Nxf6+ gxf6 13. f4 Na6 14. c4 O-O-O
15. Qe2 Rdg8 16. a3 Rg7 17. b4 Rhg8 18. b5 Rg4 19. bxa6 Rxh4 20. axb7+ Qxb7 21.
c5 Be7 22. Rab1 Qc7 23. Qa6+ Kd8 24. Ba5 {Black resigns} 1-0

[Event "Team 45 45 League T26"]
[Site "Internet Chess Club"]
[Date "2005.04.22"]
[Round "6"]
[White "john-beebs"]
[Black "Bthoven"]
[Result "0-1"]
[WhiteElo "1505"]
[BlackElo "1567"]
[TimeControl "2700+45"]

1. e4 c5 2. Nf3 Nc6 3. d4 cxd4 4. Nxd4 Nf6 5. Nc3 g6 6. Nxc6 bxc6 7. Be2 Bg7 8.
O-O d6 9. Re1 Nd7 10. Bd2 O-O 11. Rb1 Bb7 12. b4 a6 13. Rb3 Qc7 14. Bf4 Rfd8 15.
Na4 Nb6 16. Nc5 Bc8 17. Ra3 e5 18. Bg5 f6 19. Bxf6 Bxf6 20. Nxa6 Bxa6 21. Bxa6
Kg7 22. Qd3 d5 23. b5 cxb5 24. Bxb5 dxe4 25. Qc3 Qxc3 26. Rxc3 Rxa2 27. Rc7+ Kf8
28. Rxh7 Rxc2 29. Rb7 Rd6 30. Ra1 Rcd2 31. Raa7 Rd1+ 32. Bf1 Rd7 33. Rb8+ Bd8
34. Rab7 Rxb7 35. Rxb7 Nc4 36. g3 Nd2 37. Kg2 Nxf1 38. Rb3 {White resigns} 0-1

[Event "Team 45 45 League T26"]
[Site "Internet Chess Club"]
[Date "2005.04.30"]
[Round "6"]
[White "Lmcl"]
[Black "DynamoKyiv"]
[Result "0-1"]
[WhiteElo "1545"]
[BlackElo "1533"]
[TimeControl "2700+45"]

1. e4 e5 2. Nf3 Nc6 3. Bc4 Bc5 4. d3 Nf6 5. Bg5 d6 6. Nbd2 Na5 7. c3 Nxc4 8.
Nxc4 O-O 9. b4 Bb6 10. a4 a6 11. O-O Ba7 12. h3 Be6 13. Na5 Rb8 14. Nb3 Qe7 15.
d4 exd4 16. cxd4 h6 17. Bh4 g5 18. Nxg5 Nxe4 19. Nxe6 Qxe6 20. Re1 Qg6 21. Qf3
f5 22. Rac1 Rf7 23. Rc2 Rg7 24. Rce2 d5 25. Nd2 Bxd4 26. Nxe4 fxe4 27. Qb3 Qxg2#
{White checkmated} 0-1

[Event "Team 45 45 League T26"]
[Site "Internet Chess Club"]
[Date "2005.04.26"]
[Round "6"]
[White "Triple-Xeon"]
[Black "JSC"]
[Result "1-0"]
[WhiteElo "1816"]
[BlackElo "1850"]
[TimeControl "2700+45"]

1. e4 c6 2. d4 d5 3. e5 Bf5 4. Nf3 e6 5. c4 dxc4 6. Bxc4 Bb4+ 7. Nc3 Bg4 8. Be3
Ne7 9. O-O Nf5 10. a3 Ba5 11. h3 Bxf3 12. Qxf3 Nxd4 13. Qf4 Nf5 14. Rad1 Qe7 15.
Ne4 Nxe3 16. Nd6+ Kf8 17. fxe3 f6 18. exf6 gxf6 19. Qh6+ Qg7 20. Rxf6+ {Black
resigns} 1-0

[Event "Team 45 45 League T26"]
[Site "Internet Chess Club"]
[Date "2005.04.24"]
[Round "6"]
[White "zota"]
[Black "sculley"]
[Result "1-0"]
[WhiteElo "1898"]
[BlackElo "1775"]
[TimeControl "2700+45"]

1. e4 d5 2. exd5 Nf6 3. g3 Qxd5 4. Qf3 e5 5. Nc3 Qxf3 6. Nxf3 e4 7. Ng5 Bf5 8.
Bg2 e3 9. Bxb7 exf2+ 10. Kxf2 Bc5+ 11. Kg2 O-O 12. Bxa8 c6 13. d3 Re8 14. Bd2 h6
15. Nf3 Ng4 16. Rae1 Rd8 17. Re2 Kf8 18. Rhe1 Be6 19. Bf4 Na6 20. Bxc6 Nb4 21.
Ba4 g5 22. Be5 Nxe5 23. Nxe5 Nxa2 24. Nxa2 Bd5+ 25. Kf1 Be6 26. Nd7+ Rxd7 27.
Rxe6 Rxd3 28. Re8+ Kg7 29. cxd3 {Black resigns} 1-0

[Event "Team 45 45 League T26"]
[Site "Internet Chess Club"]
[Date "2005.04.21"]
[Round "6"]
[White "qs16"]
[Black "fernbap"]
[Result "0-1"]
[WhiteElo "1584"]
[BlackElo "1756"]
[TimeControl "2700+45"]

1. d4 Nf6 2. Nd2 d5 3. e3 c5 4. c3 cxd4 5. cxd4 Bf5 6. Qb3 Qc7 7. Bd3 Bxd3 8.
Qxd3 Nc6 9. a3 e6 10. f4 Be7 11. Ngf3 O-O 12. O-O Nd7 13. b4 a6 14. Bb2 f6 15.
Rac1 Qd6 16. Nb3 e5 17. dxe5 fxe5 18. Ng5 e4 19. Qc3 Bf6 20. Qd2 Bxb2 21. Qxb2
h6 22. Nh3 Qg6 23. Rfd1 Nf6 24. Nd4 Nxd4 25. Qxd4 Qf7 26. Rf1 Rac8 27. Rxc8 Rxc8
28. Ng5 Qd7 29. Nh3 Rc4 30. Qd2 Qa4 31. Ng5 Qxa3 32. h3 Qxb4 33. Qf2 Qd6 34. Qh4
d4 35. exd4 Rxd4 36. Qf2 Rd1 37. Qa2+ Rd5 38. Qc4 Qc5+ 39. Qxc5 Rxc5 40. Ne6 Rc3
41. Rd1 Rd3 42. Rc1 e3 43. f5 Ne8 44. Rc8 Kf7 45. Nf4 Rd1+ 46. Kh2 Rd2 47. Kg3
Nd6 48. Kf3 Nxf5 49. Ne2 Ke7 50. Rc7+ Rd7 51. Rc5 Nd4+ 52. Kxe3 Nxe2 53. Kxe2 g5
54. Kf3 b5 55. Kg4 b4 56. Re5+ Kd6 57. Rf5 Kc7 58. Rf6 Rd6 59. Rf7+ Kb6 60. Kh5
b3 61. Rf1 a5 62. g4 a4 63. h4 gxh4 64. Kxh4 a3 {White resigns} 0-1

[Event "Team 45 45 League T26"]
[Site "Internet Chess Club"]
[Date "2005.04.24"]
[Round "6"]
[White "alastorx"]
[Black "billarvola"]
[Result "0-1"]
[WhiteElo "1837"]
[BlackElo "2007"]
[TimeControl "2700+45"]

1. d4 Nf6 2. Nc3 d5 3. Bg5 Bf5 4. f3 Nbd7 5. e4 dxe4 6. Qd2 h6 7. Bxf6 Nxf6 8.
O-O-O e3 9. Qxe3 Nd5 10. Nxd5 Qxd5 11. Qe5 Qxe5 12. dxe5 g5 13. Ne2 Bg6 14. Nd4
O-O-O 15. e6 Bg7 16. c3 c5 17. Nc2 Rxd1+ 18. Kxd1 Rd8+ 19. Kc1 f5 20. Bc4 f4 21.
Rd1 Rxd1+ 22. Kxd1 Kc7 23. Kd2 Bf5 24. Ne1 a6 25. Bd3 Bxe6 26. b3 b5 27. Be4 b4
28. cxb4 cxb4 29. Kd3 Kd6 30. Nc2 Kc5 31. Bg6 Bc3 32. Be4 a5 33. Bg6 a4 34. a3
axb3 35. axb4+ Bxb4 36. Nxb4 Kxb4 37. Kd2 Kc4 38. Bd3+ Kd4 39. Be4 Bc4 40. g3
fxg3 41. hxg3 h5 42. Bg6 h4 {White resigns} 0-1

[Event "Team 45 45 League T26"]
[Site "Internet Chess Club"]
[Date "2005.04.23"]
[Round "6"]
[White "nminwalla"]
[Black "NFK"]
[Result "1-0"]
[WhiteElo "1871"]
[BlackElo "1661"]
[TimeControl "2700+45"]

1. e4 d6 2. d4 Nf6 3. Nc3 g6 4. f4 Bg7 5. Nf3 c5 6. dxc5 Qa5 7. Nd2 Qxc5 8. Nb3
Qc7 9. Be2 O-O 10. O-O Nbd7 11. Be3 b6 12. Bd3 Bb7 13. Qe2 a5 14. Nd4 Nc5 15.
Ndb5 Qc8 16. Bd4 Re8 17. e5 dxe5 18. fxe5 Nd5 19. Bc4 Rd8 20. Nxd5 Bxd5 21. Bxd5
Rxd5 22. Qf3 e6 23. Qxf7+ Kh8 24. c4 Rd7 25. Qf3 Rb8 26. Rad1 Qb7 27. Qg4 Qe4
28. Rf4 Qc2 29. Nd6 Kg8 30. Bxc5 Bxe5 31. Qxe6+ {Black resigns} 1-0

[Event "Team 45 45 League T26"]
[Site "Internet Chess Club"]
[Date "2005.04.23"]
[Round "6"]
[White "Murdock"]
[Black "Ruger"]
[Result "1-0"]
[WhiteElo "1994"]
[BlackElo "2130"]
[TimeControl "2700+45"]

1. g3 g6 2. f4 d5 3. Nf3 Bg7 4. Bg2 Nc6 5. O-O Bf5 6. d3 Qd7 7. Nc3 O-O-O 8. Ng5
e6 9. h3 h6 10. Nf3 e5 11. g4 Be6 12. e4 exf4 13. exd5 Bxd5 14. Nxd5 Qxd5 15.
Bxf4 Qc5+ 16. Kh1 g5 17. Bh2 Nge7 18. c3 Nd5 19. d4 Qe7 20. Re1 Qd7 21. Qd3 h5
22. Nxg5 hxg4 23. hxg4 Rxh2+ 24. Kxh2 Rh8+ 25. Kg1 Qxg4 26. Nxf7 Rf8 27. Qh3
Qxh3 28. Bxh3+ Kb8 29. Bg2 Nde7 30. Ng5 Bh6 31. Ne6 Rg8 32. Re2 a5 33. a4 Nf5
34. Kh2 Nce7 35. Re5 Ne3 36. Bf3 N7f5 37. Re1 Kc8 38. Rxa5 Kd7 39. Bxb7 c6 40.
Rxf5 Nxf5 41. Re5 Nd6 42. Nc5+ Kc7 43. Re7+ Kb6 44. Nd7+ Ka5 45. Bxc6 Bf4+ 46.
Kh1 Nf5 47. b4+ Ka6 48. Bb5+ {Black resigns} 1-0

[Event "Team 45 45 League T26"]
[Site "Internet Chess Club"]
[Date "2005.04.21"]
[Round "6"]
[White "asonjay2k"]
[Black "nobodylovesyou"]
[Result "0-1"]
[WhiteElo "2049"]
[BlackElo "1942"]
[TimeControl "2700+45"]

1. e4 d5 2. exd5 Qxd5 3. d4 Nc6 4. Be3 e5 5. c4 Qa5+ 6. Bd2 Bb4 7. d5 Nd4 8. Bd3
Nf6 9. Nc3 Qc5 10. Nge2 O-O 11. O-O Bg4 12. h3 Bh5 13. a3 Bxc3 14. Bxc3 c6 15.
g4 Nf3+ 16. Kg2 Nxg4 17. hxg4 Bxg4 18. Be4 Ng5 19. f3 Bh3+ 20. Kh1 f5 21. Rg1 h6
22. Kh2 Qf2+ 23. Kh1 fxe4 24. Be1 Qxf3+ 25. Kh2 Bf1 26. Ng3 Qxd1 27. Rxd1 Nf3+
28. Kh1 Nxg1 29. Kxg1 Bxc4 30. dxc6 bxc6 31. Nxe4 Rf1+ 32. Kh2 Raf8 33. Nd2 Rxe1
34. Rxe1 Rf2+ 35. Kg3 Rxd2 36. Rxe5 Rxb2 37. Rc5 Bd5 38. Ra5 Rb3+ 39. Kf4 Rf3+
40. Kg4 Rf7 {White resigns} 0-1

[Event "Team 45 45 League T26"]
[Site "Internet Chess Club"]
[Date "2005.04.23"]
[Round "6"]
[White "LeifEricson"]
[Black "Erik21"]
[Result "1-0"]
[WhiteElo "1848"]
[BlackElo "1809"]
[TimeControl "2700+45"]

1. f4 Nf6 2. Nf3 g6 3. g3 Bg7 4. Bg2 O-O 5. O-O d6 6. d3 Nc6 7. e4 Bg4 8. h3
Bxf3 9. Qxf3 e5 10. f5 Qd7 11. g4 Rad8 12. Nc3 Nd4 13. Qf2 Qc6 14. Be3 Nd7 15.
Nd5 Qxc2 16. Bxd4 Qxd3 17. Rfd1 Qc4 18. Bf1 Qa4 19. f6 Nxf6 20. Nxf6+ Bxf6 21.
Qxf6 exd4 22. Qxd4 Qa5 23. Rd3 Rde8 24. Ra3 Qg5 25. Re1 h5 26. Qe3 Qe5 27. Re2
a6 28. Qh6 Qd4+ 29. Qe3 Rxe4 30. Qxd4 Rxd4 31. gxh5 gxh5 32. Re7 Rd1 33. Rxc7
Re8 34. Rxb7 Re6 35. Rbb3 h4 36. Rf3 Rg6+ 37. Kh1 Kf8 38. Rxa6 Rd5 39. Ra4 f5
40. Rxh4 {Black resigns} 1-0

[Event "Team 45 45 League T26"]
[Site "Internet Chess Club"]
[Date "2005.04.21"]
[Round "6"]
[White "viking99"]
[Black "SnoopDoggyDogg"]
[Result "1-0"]
[WhiteElo "1857"]
[BlackElo "1800"]
[TimeControl "2700+45"]

1. e4 c5 2. Nf3 d6 3. d4 cxd4 4. Nxd4 Nf6 5. f3 a6 6. c4 e5 7. Nc2 Be6 8. Nc3
Qc7 9. b3 b5 10. Nd5 Nxd5 11. cxd5 Bc8 12. Be2 Nd7 13. O-O Be7 14. Be3 O-O 15.
Rc1 Bb7 16. b4 Qd8 17. Qd2 Rc8 18. Na1 h6 19. Nb3 Bg5 20. Rxc8 Bxe3+ 21. Qxe3
Bxc8 22. Rc1 f5 23. Na5 Qh4 24. Nc6 fxe4 25. fxe4 Kh8 26. g3 Qh3 27. Ne7 Nf6 28.
Ng6+ Kg8 29. Nxf8 Kxf8 30. Qf2 Bg4 31. Bxg4 Qxg4 32. Qf5 Qxf5 33. exf5 Nxd5 34.
a3 Ne3 35. h3 Nxf5 36. Rf1 g6 37. g4 Ke7 38. gxf5 gxf5 39. Rxf5 Ke6 40. Rh5 d5
41. Rxh6+ Kf5 42. Rxa6 d4 43. Kf2 Ke4 44. Rd6 Kd3 45. h4 {Black resigns} 1-0

[Event "Team 45 45 League T26"]
[Site "Internet Chess Club"]
[Date "2005.04.24"]
[Round "6"]
[White "Vombat"]
[Black "Gregorio"]
[Result "1/2-1/2"]
[WhiteElo "2213"]
[BlackElo "2008"]
[TimeControl "2700+45"]

1. Nf3 Nf6 2. c4 g6 3. Nc3 Bg7 4. e4 d6 5. d4 O-O 6. Be2 Na6 7. O-O c5 8. d5 Nc7
9. Bf4 Nd7 10. Qd2 Re8 11. Bh6 Bh8 12. Ng5 f6 13. Nf3 Bg7 14. Bxg7 Kxg7 15. Nh4
e6 16. Qf4 g5 17. Qg3 Kh8 18. Nf3 exd5 19. exd5 Nf8 20. Bd3 Ng6 21. Nd2 Nf4 22.
Nde4 Re5 23. Qf3 Ne8 24. h4 Nxd3 25. Qxd3 gxh4 26. Qe3 Rh5 27. Qf3 Rh6 28. Qf4
Kg7 29. a4 Qe7 30. Rfe1 Qe5 31. Qf3 Qh5 32. Qxh5 Rxh5 33. Nb5 {Game drawn by
mutual agreement} 1/2-1/2

[Event "Team 45 45 League T26"]
[Site "Internet Chess Club"]
[Date "2005.04.23"]
[Round "6"]
[White "A-Ru"]
[Black "DavidBarnsley"]
[Result "0-1"]
[WhiteElo "1925"]
[BlackElo "2007"]
[TimeControl "2700+45"]

1. d4 e6 2. Nf3 f5 3. d5 exd5 4. Qxd5 d6 5. Bg5 Be7 6. h4 Nf6 7. Bxf6 Bxf6 8. c3
c6 9. Qb3 Nd7 10. Nbd2 Nc5 11. Qc2 O-O 12. O-O-O Qe7 13. e3 Ne4 14. Nb3 a5 15.
Bc4+ d5 16. Bd3 a4 17. Nbd4 a3 18. Rdf1 axb2+ 19. Qxb2 Ra3 20. Bxe4 dxe4 21. Nd2
Bxd4 22. exd4 Be6 23. c4 Rfa8 24. Kb1 b5 25. Rc1 Rxa2 26. Qxa2 Rxa2 27. Kxa2
bxc4 28. Kb2 Qb4+ 29. Kc2 c3 30. Rb1 Qxd4 31. Nb3 Qd3+ 32. Kc1 Bxb3 33. Rxb3
Qd2+ 34. Kb1 c2+ 35. Ka1 c1=Q+ 36. Rxc1 Qxc1+ 37. Ka2 Qc2+ 38. Rb2 Qc4+ 39. Ka3
f4 40. Rb3 e3 {White resigns} 0-1

[Event "Team 45 45 League T26"]
[Site "Internet Chess Club"]
[Date "2005.04.23"]
[Round "6"]
[White "steve"]
[Black "zeke16"]
[Result "0-1"]
[WhiteElo "1883"]
[BlackElo "1960"]
[TimeControl "2700+45"]

1. e4 c5 2. Nf3 d6 3. d4 cxd4 4. Nxd4 Nf6 5. Nc3 a6 6. Bg5 e6 7. f4 Be7 8. Qf3
Nbd7 9. O-O-O Qc7 10. Bd3 b5 11. Rhe1 Bb7 12. Nd5 Nxd5 13. exd5 Bxg5 14. fxg5
Ne5 15. Qh5 Bxd5 16. g6 Rc8 17. gxf7+ Qxf7 18. Rxe5 dxe5 19. Qxe5 Qf6 20. Qd6
Rd8 21. Qxa6 O-O 22. a3 Qf4+ 23. Kb1 Qxd4 24. Bxh7+ Kxh7 {White resigns} 0-1

[Event "Team 45 45 League T26"]
[Site "Internet Chess Club"]
[Date "2005.04.28"]
[Round "6"]
[White "jongalt97"]
[Black "room-matt"]
[Result "1/2-1/2"]
[WhiteElo "1711"]
[BlackElo "1877"]
[TimeControl "2700+45"]

1. d4 Nf6 2. Nf3 e6 3. c4 Bb4+ 4. Nbd2 b6 5. a3 Bxd2+ 6. Bxd2 Bb7 7. Bg5 O-O 8.
e3 c5 9. Bd3 h6 10. Bh4 Re8 11. O-O cxd4 12. exd4 d6 13. Re1 Nbd7 14. Qc2 Qc7
15. Qe2 e5 16. dxe5 Nxe5 17. Nxe5 Rxe5 18. Qd2 Qc6 19. f3 Rxe1+ 20. Rxe1 Qc5+
21. Kh1 Re8 22. Rxe8+ Nxe8 23. Qe2 Qc8 24. Kg1 Qe6 25. Qxe6 fxe6 26. Kf2 Kf7 27.
Ke3 Nf6 28. g4 Nd7 29. Be2 g5 30. Bg3 e5 31. b4 a5 32. Be1 axb4 33. axb4 Ke6 34.
Bd3 d5 35. cxd5+ Bxd5 36. Bf5+ Kd6 37. Bxd7 Kxd7 38. h4 Ke6 39. hxg5 hxg5 40.
Bc3 {Game drawn by mutual agreement} 1/2-1/2

[Event "Team 45 45 League T26"]
[Site "Internet Chess Club"]
[Date "2005.04.23"]
[Round "6"]
[White "trikmamak"]
[Black "Chief-Justice"]
[Result "1-0"]
[WhiteElo "2230"]
[BlackElo "1974"]
[TimeControl "2700+45"]

1. e4 c6 2. d4 d5 3. e5 Bf5 4. Nc3 e6 5. g4 Bg6 6. Nge2 c5 7. Be3 Nc6 8. h4 h5
9. Nf4 cxd4 10. Bxd4 Bxc2 11. Qxc2 Nxd4 12. Qa4+ Nc6 13. Bb5 Ne7 14. Nxh5 a6 15.
Bxc6+ Nxc6 16. f4 b5 17. Qd1 Qb6 18. Qe2 Rc8 19. a3 Nd4 20. Qd3 a5 21. Rd1 Bc5
22. Nxg7+ Kf8 23. Nh5 Ke7 24. Nf6 Qc6 25. Kf1 b4 26. axb4 axb4 27. Ne2 Nxe2 28.
Kxe2 Bb6 29. h5 Qc5 30. Rhf1 b3 31. Qxb3 Rb8 32. Rc1 Qa5 33. Qa3+ Qxa3 34. bxa3
Bd4 {Black resigns} 1-0

[Event "Team 45 45 League T26"]
[Site "Internet Chess Club"]
[Date "2005.04.24"]
[Round "6"]
[White "elnik"]
[Black "matman"]
[Result "1-0"]
[WhiteElo "1930"]
[BlackElo "1931"]
[TimeControl "2700+45"]

1. d4 d5 2. c4 c6 3. Nf3 Nf6 4. Nc3 dxc4 5. a4 Bf5 6. e3 e6 7. Bxc4 Bb4 8. O-O
O-O 9. Qe2 Nbd7 10. Rd1 h6 11. Bd3 Qa5 12. Bxf5 exf5 13. Bd2 Rfe8 14. Qc4 Rad8
15. Nb1 Nd5 16. Bxb4 Nxb4 17. Nc3 Nb6 18. Qb3 N6d5 19. Nxd5 Rxd5 20. Rdc1 Qb6
21. Ne5 Re7 22. Nc4 {Black resigns} 1-0

[Event "Team 45 45 League T26"]
[Site "Internet Chess Club"]
[Date "2005.04.24"]
[Round "6"]
[White "LadyLuck"]
[Black "alexcolins"]
[Result "1-0"]
[WhiteElo "1716"]
[BlackElo "1797"]
[TimeControl "2700+45"]

1. e4 c5 2. d4 cxd4 3. c3 d3 4. Bxd3 Nc6 5. c4 g6 6. Ne2 Bg7 7. Nbc3 Nf6 8. h3
d6 9. Be3 Be6 10. O-O O-O 11. Rb1 Ne5 12. b3 Qa5 13. Qd2 Bxh3 14. f4 Nxd3 15.
gxh3 Nc5 16. b4 Nfxe4 17. Nxe4 Nxe4 18. bxa5 Nxd2 19. Bxd2 b6 20. Bc3 e5 21.
axb6 axb6 22. Rxb6 Rxa2 23. Rb2 Rfa8 24. Rfb1 R8a3 25. Rb8+ Bf8 26. Bb4 Ra8 27.
Bxd6 Rxb8 28. Rxb8 Rxe2 29. Bxf8 f6 30. fxe5 Kf7 31. exf6 Kxf6 32. c5 Rc2 33.
Rd8 h5 34. Rd3 Kg5 35. Bg7 Rc1+ 36. Kg2 Rxc5 37. Rg3+ Kf5 38. h4 Rc4 39. Kh3 Rg4
40. Rxg4 hxg4+ 41. Kg3 g5 42. h5 Ke6 43. h6 Kf7 44. Kxg4 Kg8 45. Kxg5 Kh7 46.
Bd4 {Black resigns} 1-0